 Dungeon Crawl Stone Soup version 0.31-a0-986-g5e6e4ef867 (webtiles) character file.

Game seed: 4069875515027888919

110 FakeRyeBread the Covered (level 4, 0/29 HPs)
             Began as a Gargoyle Fighter on Nov 4, 2023.
             Slain by a goblin
             ... wielding a +0 club
             ... led by Robin
              (6 damage)
             ... on level 4 of the Dungeon.
             The game lasted 00:06:33 (2301 turns).

FakeRyeBread the Covered (Gargoyle Fighter)         Turns: 2301, Time: 00:06:34

Health: 0/29       AC: 14    Str: 22    XL:     4   Next: 91%
Magic:  4/4        EV:  8    Int:  8    God:
Gold:   191        SH:  4    Dex:  9    Spells: 3/3 levels left

rFire   . . .        a - +1 flail (heavy)
rCold   . . .        c - +0 buckler
rNeg    + . .        h - +0 chain mail
rPois   ∞            (no helmet)
rElec   +            (no cloak)
rCorr   .            n - +0 pair of gloves
SInv    .            (no boots)
Will    .....        v - amulet of the acrobat Stlth
                     l - ring of flight
HPRegen 0.24/turn    r - +4 ring of slaying
MPRegen 0.09/turn

%: acrobat
@: flying
A: sickness immunity, AC +3, negative energy resistance 1, electricity
resistance, torment resistance 1, petrification resistance
a: no special abilities


You were on level 4 of the Dungeon.
You visited 1 branch of the dungeon, and saw 4 of its levels.

You collected 191 gold pieces.

Inventory:

Hand Weapons
 a - a +1 heavy flail (weapon)
Missiles
 m - 4 javelins
 u - 6 boomerangs
Armour
 c - a +0 buckler (worn)
 h - a +0 chain mail (worn)
 n - a +0 pair of gloves (worn)
Jewellery
 l - a ring of flight (left hand)
 r - a +4 ring of slaying (right hand)
 v - an amulet of the acrobat (around neck)
Scrolls
 f - a scroll of teleportation
Potions
 d - a potion of might
 j - 2 potions of enlightenment {unknown}
 k - a potion of mutation
 o - a potion of invisibility
 p - a potion of heal wounds {unknown}
 s - 2 potions of attraction {unknown}
 t - a potion of magic {unknown}


   Skills:
 + Level 3.9 Fighting
 * Level 3.4 Maces & Flails
 + Level 3.9 Armour
 + Level 3.9 Shields


You had 3 spell levels left.
You didn't know any spells.
Your spell library was empty.

Dungeon Overview and Level Annotations

Branches:
Dungeon (4/15)
 Temple: D:4-7

Altars:
Ashenzari
Elyvilon
Qazlal

Shops:
D:1 !

Annotations:
D:4 Robin


Innate Abilities, Weirdness & Mutations

You are immune to sickness and miasma.
Your stone body is resilient. (AC +3)
You are immune to poison.
You resist negative energy. (rN+)
You are resistant to electric shocks. (rElec)
You are resistant to unholy torment.
You are immune to petrification.


Message History

You closely miss the goblin. The goblin hits you with a +0 club.
The goblin closely misses you. The goblin hits you but does no damage.
The goblin barely misses you.
You closely miss the goblin. The goblin hits you but does no damage.
The goblin hits you with a +0 club. x2; The goblin hits you but does no damage. x2
You sock the goblin!
You kill the goblin!
The goblin hits you but does no damage. Robin throws the goblin at you!
The goblin hits you but does no damage. The goblin barely misses you. x2
The goblin hits you but does no damage.
You sock the goblin!
You kill the goblin!
The goblin completely misses you.
Robin says, "Bow before me, strongest of all the hobgoblins!"
The goblin completely misses you. The goblin hits you but does no damage.
Robin throws the goblin at you! The goblin hits you but does no damage.
You closely miss the goblin. You block the goblin's attack. x2
The goblin hits you with a +0 club. The goblin hits you but does no damage.
The goblin barely misses you. x2
You closely miss the goblin. You block the goblin's attack. x3
You barely miss the goblin. The goblin hits you but does no damage.
You block the goblin's attack. The goblin hits you with a +0 club.
The goblin hits you with a +0 dagger. The goblin barely misses you.
The goblin hits you but does no damage.
You barely miss the goblin.
The goblin no longer looks unusually strong.
You block the goblin's attack. The goblin hits you with a +0 dagger.
* * * LOW HITPOINT WARNING * * *
The goblin hits you but does no damage. The goblin barely misses you.
The goblin hits you but does no damage.
Robin roars a battlecry!
The goblin goes into a battle-frenzy!
The goblin barely misses you.
You bludgeon the goblin!!
You kill the goblin!
The goblin no longer looks unusually strong. x4
You block the goblin's attack. x2; The goblin hits you with a +0 dagger.
* * * LOW HITPOINT WARNING * * *
The goblin hits you with a +0 club.
You die...

##.....#.....##
######..#######
............#
#####..#..###
###........##
..........##
..##.#..# #
...#)##
...#.#@#
.###ggg# #gg##
#g## #g# .g#
...# .....
....#


You could see Robin and 7 goblins.

Vanquished Creatures
  6 adders
  2 worms
  2 ball pythons (D:1)
  8 endoplasms
  A giant cockroach (D:3)
  7 goblins
  5 hobgoblins
  2 jackals (D:2)
  7 kobolds
  2 quokkas
  3 bats
  2 frilled lizards
  3 rats
50 creatures vanquished.

Notes
Turn   | Place    | Note
-------+----------+-------------------------------------------
     0 | D:1      | FakeRyeBread the Gargoyle Fighter began the quest for the
                  | Orb.
     0 | D:1      | Reached XP level 1. HP: 14/14 MP: 1/1
   151 | D:1      | Reached XP level 2. HP: 16/19 MP: 2/2
   267 | D:1      | Found Dugh's Distillery.
   744 | D:2      | Reached XP level 3. HP: 19/23 MP: 3/3
  1387 | D:2      | Reached XP level 4. HP: 23/29 MP: 4/4
  1815 | D:3      | Found a stormy altar of Qazlal.
  1965 | D:3      | Found a white marble altar of Elyvilon.
  2112 | D:3      | Found a faded altar of an unknown god.
  2262 | D:4      | Found a broken altar of Ashenzari.
  2284 | D:4      | Noticed Robin
  2301 | D:4      | Slain by a goblin

Illustrated notes

Levels and vault maps discovered:
D:1:      minmay_arrival_stone_box, layout_loops_ring, serial_shops, shop,
          serial_bayou_crossing
D:2:      layout_basic, kennysheep_minor_cross
D:3:      layout_basic, lemuel_crystal_altar,
          mainiacjoe_overflow_six_doors_small,
          shapermc_ecumenical_altar_starsandcircs, grunt_decor_fettered,
          minmay_cut_off
D:4:      layout_rooms, mainiacjoe_overflow_alcove_2, gammafunk_ghost_mausoleum,
          uniq_robin, uniq_grinder, uniq_crazy_yiuf_cottage, uniq_duvessa

Skill      XL: |  1  2  3 |
---------------+----------+-----
Maces & Flails | 3 |  3.4
Fighting       | |  3.9
Armour         | |  3.9
Shields        | |  3.9

Action                     |  1- 3 |  4- 6 || total
---------------------------+-------+-------++-------
  Melee: Flail             |   106 |    69 ||   175
    Use: Scroll            |       |     8 ||     8
 Armour: Scale mail        |    15 |       ||    15
         Chain mail        |    69 |    74 ||   143
  Dodge: Dodged            |    46 |    36 ||    82
  Block: Buckler           |    25 |    20 ||    45

Table legend: (Time is in decaauts)
 A = Elapsed time spent in this place.
 B = Non-inter-level travel time spent in this place.
 C = Inter-level travel time spent in this place.
 D = Time resting spent in this place.
 E = Time spent auto-exploring this place.
 F = Levels seen in this place.
 G = Mean time per level.
                   A        B        C        D        E       F      G
               +--------+--------+--------+--------+--------+-----+--------+
         Total |   2367 |   2079 |    288 |     54 |   1465 |   4 |  591.8 |
       Dungeon |   2367 |   2079 |    288 |     54 |   1465 |   4 |  591.8 |
               +--------+--------+--------+--------+--------+-----+--------+

Top non-repeatable levels by time:
     D:2: 894 daAuts
     D:1: 743 daAuts
     D:3: 662 daAuts
     D:4: 66 daAuts
